 Dungeon Crawl Stone Soup version 0.30.1-11-g7821555f0a (webtiles) character file.

Game seed: 6334184727746944889

80 Ankhtithe the Digger (level 3, 0/26 HPs)
             Began as a Demigod Earth Elementalist on Oct 30, 2023.
             Killed from afar by an orc wizard (7 damage)
             ... with a puff of flame
             ... on level 3 of the Dungeon.
             The game lasted 00:15:49 (2766 turns).

Ankhtithe the Digger (Demigod Earth Elementalist)   Turns: 2766, Time: 00:15:49

Health: 0/26       AC:  3    Str:  9    XL:     3   Next: 98%
Magic:  4/9        EV: 12    Int: 21    God:
Gold:   118        SH:  0    Dex: 14    Spells: 2/6 levels left

rFire   . . .        d - +2 dagger (elec)
rCold   . . .        (no shield)
rNeg    . . .        a - +1 robe
rPois   .            (no helmet)
rElec   .            (no cloak)
rCorr   .            (no gloves)
SInv    .            (no boots)
Will    .....        (no amulet)
Stlth   +            (no ring)
HPRegen 0.24/turn    (no ring)
MPRegen 0.11/turn

%: no passive effects
@: confused
A: high MP 1, forlorn, divine attributes
a: no special abilities


You were on level 3 of the Dungeon.
You visited 1 branch of the dungeon, and saw 3 of its levels.

You collected 118 gold pieces.

Inventory:

Hand Weapons
 d - a +2 dagger of electrocution (weapon)
 i - a +0 sling
Missiles
 f - 3 poisoned darts
 g - 20 stones
Armour
 a - a +1 robe (worn)
Potions
 b - 2 potions of magic
 e - a potion of might {unknown}
 j - a potion of attraction
 k - a potion of lignification
 l - a potion of degeneration {unknown}


   Skills:
 - Level 2.0 Dodging
 - Level 2.0 Stealth
 + Level 2.4 Spellcasting
 + Level 0.6 Conjurations
 - Level 1.4 Transmutations
 * Level 3.5 Earth Magic


You had 2 spell levels left.
You knew the following spells:

 Your Spells              Type           Power      Damage    Failure   Level
a - Sandblast             Erth           34%        2d9       3%          1
z - Stone Arrow           Conj/Erth      22%        3d8       19%         3

Your spell library contained the following spells:

 Spells                   Type           Power      Damage    Failure   Level
 Passwall                 Tmut/Erth      10%        N/A       8%          2
 Ignite Poison            Fire/Tmut/Pois 4%         N/A       34%         3
 Vhi's Electric Charge    Tloc/Air       4%         N/A       38%         3
 Petrify                  Tmut/Erth      13%        N/A       45%         4
 Sticky Flame             Conj/Fire      3%         2d3       77%         4
 Arcjolt                  Conj/Air       1%         1d11      98%         5
 Plasma Beam              Fire/Air       1%         2x1d12    100%        6
 Ignition                 Fire           1%         3d3       100%        8


Dungeon Overview and Level Annotations

Branches:
Dungeon (3/15)


Innate Abilities, Weirdness & Mutations

You have an increased reservoir of magic. (+10% MP)
You shall have no god before yourself.
Your divine heritage dramatically boosts your attributes as you level up.


Message History

Welcome back, Ankhtithe the Demigod Earth Elementalist.
Press ? for a list of commands and other information.
You feel much better. The orc barely misses you. Something hits you.
Deactivating autopickup; reactivate with Ctrl-A.
Cast which spell? (? or * to list)
Aiming: Sandblast (safe; 3% risk of failure)
Press: ? - help, Shift-Dir - straight line, f - orc
Aim: an orc, wielding a +0 club and wearing a +0 leather armour (heavily wounded, 82% to hit)
The blast of sand hits the orc.
You kill the orc!
Something hits you. x2
Something hits you.
Casting: Sandblast (safe; 3% risk of failure)
Confirm with . or Enter, or press ? or * to list all spells.
Aiming: Sandblast (safe; 3% risk of failure)
Press: ? - help, Shift-Dir - straight line The blast of sand hits something.
You hear some strange, mumbled words.
You are confused.
You're too confused to cast spells.
Sorry, you're not good enough to have a special ability.
You hear some strange, mumbled words.
You are more confused.
You bump into the rock wall.
You hear some strange, mumbled words.
You are more confused.
You bump into the rock wall.
You bump into the rock wall.
Something hits you.
You bump into the rock wall.
Something hits you.
You miss something. Something hits you.
You closely miss something. Something hits you but does no damage.
You barely miss something. Something hits you.
* * * LOW HITPOINT WARNING * * *
You bump into the rock wall.
Something hits you.
* * * LOW HITPOINT WARNING * * *
You hit something but do no damage. Lightning courses through something!
You hear some strange, mumbled words.
A puff of flame appears from out of thin air!
The puff of flame hits you!
You die...

###......#
#########.....#
..............#
..............#
#########.....# #
##.....# ..#
######......#
#...####......#.####
...........####@#
###.....#### #{#
##.#...# #.#
..#.#.#.######.###
.................##
..©...............#
#########...).....#
..[$$... #.........#
......:. #.[...[...#


There were no monsters in sight!

Vanquished Creatures
  An orc priest (D:3)
  An adder (D:2)
  2 worms (D:2)
  A dart slug (D:3)
  2 orcs (D:3)
  An endoplasm (D:2)
  2 giant cockroaches (D:2)
  4 goblins
  4 hobgoblins
  5 ball pythons (D:1)
  3 bats (D:1)
  6 frilled lizards
  A kobold (D:1)
33 creatures vanquished.

Notes
Turn   | Place    | Note
-------+----------+-------------------------------------------
     0 | D:1      | Ankhtithe the Demigod Earth Elementalist began the quest
                  | for the Orb.
     0 | D:1      | Reached XP level 1. HP: 14/14 MP: 5/5
   395 | D:1      | Reached skill level 1 in Transmutations
  1018 | D:1      | Reached XP level 2. HP: 20/20 MP: 2/7
  1703 | D:2      | Reached skill level 3 in Earth Magic
  2401 | D:2      | Reached XP level 3. HP: 26/26 MP: 4/8
  2515 | D:2      | Learned a level 3 spell: Stone Arrow
  2749 | D:3      | HP: 1/26 [something (1)]
  2766 | D:3      | Killed from afar by an orc wizard

Illustrated notes

Levels and vault maps discovered:
D:1:      matt_arrival_spirals, layout_basic, serial_bayou_lagoon_b
D:2:      layout_basic, basic_altar
D:3:      layout_rooms, gammafunk_ghost_mausoleum, minmay_misc_feat_plants,
          grunt_ministairs_6

Skill      XL: |  1  2 |
---------------+-------+-----
Transmutations | 1 |  1.4
Stealth        | 2 |  2.0
Spellcasting   | 2 |  2.4
Dodging        | 2 |  2.0
Earth Magic    | 3 |  3.5
Conjurations   | |  0.6

Action                     || total
---------------------------++-------
  Melee: Unarmed           ||    12
         Short sword       ||    19
         Dagger            ||    10
   Cast: Sandblast         ||    37
    Use: Scroll            ||     7
         Potion            ||     1
   Stab: Sleeping          ||     2
 Armour: Robe              ||     8
  Dodge: Dodged            ||    31
